 Dungeon Crawl Stone Soup version 0.30.1 (webtiles) character file.

Game seed: 87997237991825985

1325 Bnni the Cleaver (level 8, -5/67 (74) HPs)
             Began as a Hill Orc Monk on July 8, 2023.
             Was a Believer of Beogh.
             Splashed by a jelly's acid (10 damage)
             ... on level 5 of the Dungeon.
             The game lasted 00:06:01 (4309 turns).

Bnni the Cleaver (Hill Orc Monk)                    Turns: 4309, Time: 00:06:05

HP:   -5/67 (74)    AC: -2    Str: 16    XL:     8   Next: 60%
MP:   8/8           EV: 12    Int: 10    God:    Beogh [**....]
Gold: 313           SH:  0    Dex: 13    Spells: 7/7 levels left

rFire   . . .        h - +2 whip (elec)
rCold   . . .        d - orb {light}
rNeg    . . .        l - +0 chain mail
rPois   .            u - +0 helmet
rElec   .            (no cloak)
rCorr   .            (no gloves)
SInv    .            z - +0 pair of boots
Will    .....        (no amulet) Stlth
                     g - +5 ring of evasion
HPRegen 0.31/turn    (no ring)
MPRegen 0.11/turn

%: no passive effects
@: corroded, glowing, drained
A: no striking features
a: Renounce Religion, Smiting


You were on level 5 of the Dungeon.
You worshipped Beogh.
Beogh was pleased with you.
You visited 1 branch of the dungeon, and saw 5 of its levels.

You collected 313 gold pieces.

Inventory:

Hand Weapons
 h - a +2 whip of electrocution (weapon)
 w - a +0 war axe
 C - a +3 dagger of venom
Armour
 d - an orb of light (worn)
 l - a +0 chain mail (worn)
 u - a +0 helmet (worn)
 z - a +0 pair of boots (worn)
Jewellery
 g - a +5 ring of evasion (left hand)
Wands
 a - a wand of polymorph (10)
 v - a wand of flame (17)
 y - a wand of paralysis (3)
 B - a wand of iceblast (7)
Scrolls
 b - 2 scrolls of fear
 f - 2 scrolls of teleportation
 j - 2 scrolls of amnesia {unknown}
 m - a scroll of poison {unknown}
 n - a scroll of vulnerability {unknown}
 o - a scroll of fog {unknown}
 q - 3 scrolls of enchant armour
 r - 2 scrolls of magic mapping {unknown}
 s - a scroll of summoning {unknown}
 t - 2 scrolls of brand weapon {unknown}
 x - 3 scrolls of immolation {unknown}
 A - a scroll of noise {unknown}
Potions
 c - a potion of ambrosia
 e - 3 potions of haste
 i - 2 potions of heal wounds
 k - a potion of curing {unknown}
 p - a potion of lignification {unknown}


   Skills:
 + Level 7.9 Fighting
 * Level 11.6 Axes
 - Level 2.4 Dodging


You had 7 spell levels left.
You didn't know any spells.
Your spell library contained the following spells:

 Spells                   Type           Power      Damage    Failure   Level
 Lesser Beckoning         Tloc           0%         N/A       100%        2
 Poisonous Vapours        Pois/Air       0%         N/A       100%        2
 Gell's Gravitas          Tloc           0%         N/A       100%        3
 Mephitic Cloud           Conj/Pois/Air  0%         N/A       100%        3
 Teleport Other           Tloc           0%         N/A       100%        3
 Freezing Cloud           Conj/Ice/Air   0%         6-21      100%        5


Dungeon Overview and Level Annotations

Branches:
Dungeon (5/15)             Temple (0/1) D:5

Altars:
Ashenzari
Sif Muna
Wu Jian


Message History

You kill Edmund!
Beogh accepts your kill.
Unknown command.
Found a wand of flame (19).
Things that are here:
a +4 flail of draining; a +0 leather armour; the human corpse of Edmund
Press: ? - help, v - describe, . - travel, g - get item
Items here: a +4 flail of draining; a +0 leather armour; the human corpse of Edmund.
The floor.
This square is lit by a halo.
A jelly is nearby!
The jelly hits you but does no damage.
You hit the jelly.
Your hands burn!
The jelly is moderately wounded.
You hit the jelly.
Your hands burn!
The jelly is heavily wounded.
The jelly hits you. The acid corrodes you!
You are splashed with acid!
You hit the jelly but do no damage.
Your hands burn!
The jelly is heavily wounded.
The jelly hits you. The acid corrodes you!
You are splashed with acid!
You hit the jelly.
Your hands burn!
The jelly is severely wounded.
The jelly misses you.
You are too injured to fight recklessly!
You hit the jelly.
Your hands burn!
The jelly is severely wounded.
The jelly misses you.
You completely miss the jelly.
The jelly is severely wounded.
You hit the jelly.
Your hands burn!
The jelly is almost dead.
The jelly hits you. The acid corrodes you!
You are splashed with acid!
* * * LOW HITPOINT WARNING * * *
You hit the jelly but do no damage.
Your hands burn!
* * * LOW HITPOINT WARNING * * *
The jelly is almost dead.
The jelly hits you.
* * * LOW HITPOINT WARNING * * *
You are splashed with acid!
You die...

.####..................# #.#
.####..##.#.#.###.#########.#
............................#
###.#.######.####.###########
#!#.# #.# #.# # #.. .. ##)##
#.# ### #...# #. #.≈.# #.
#@..# .. #J_.# #....# ..≈..#
..../# #####.# .. ###


You could see a jelly.

Vanquished Creatures
  Pikel (D:5)
  Menkaure (D:5)
  Edmund (D:5)
  Duvessa (D:5)
  An ogre (D:5)
  A lemure (D:4)
  A phantom (D:5)
  A scorpion (D:5)
  Dowan (D:5)
  An orc wizard (D:4)
  Terence (D:3)
  A hound zombie (D:3)
  Robin (D:3)
  A howler monkey skeleton (D:3)
  10 adders
  A white imp (D:5)
  A worm (D:5)
  A dart slug (D:2)
  2 orcs (D:4)
  4 bats
  5 endoplasms
  3 giant cockroaches
  9 goblins
  13 hobgoblins
  6 jackals
  3 quokkas
  12 ball pythons
  A ball python skeleton (D:3)
  5 frilled lizards
  3 kobolds
  A quokka skeleton (D:3)
  4 rats
98 creatures vanquished.

Notes
Turn   | Place    | Note
-------+----------+-------------------------------------------
     0 | D:1      | Bnni the Hill Orc Monk began the quest for the Orb.
     0 | D:1      | Reached XP level 1. HP: 19/19 MP: 1/1
   383 | D:1      | Reached XP level 2. HP: 27/27 MP: 2/2
   723 | D:2      | Found a faded altar of an unknown god.
   730 | D:2      | Reached skill level 5 in Axes
   734 | D:2      | Reached XP level 3. HP: 21/33 MP: 3/3
  1182 | D:2      | Reached XP level 4. HP: 40/41 MP: 4/4
  1617 | D:3      | Reached skill level 6 in Axes
  1938 | D:3      | Reached XP level 5. HP: 42/47 MP: 5/5
  2136 | D:3      | Noticed Robin
  2149 | D:3      | Killed Robin
  2150 | D:3      | Reached skill level 5 in Fighting
  2265 | D:3      | Noticed Terence
  2286 | D:3      | Killed Terence
  2287 | D:3      | Reached skill level 7 in Axes
  2940 | D:4      | Reached XP level 6. HP: 54/56 MP: 6/6
  2951 | D:4      | Became a worshipper of Beogh the Brigand
  2951 | D:4      | Reached * piety under Beogh
  2951 | D:4      | Reached ** piety under Beogh
  3240 | D:4      | Found a shimmering blue altar of Sif Muna.
  3406 | D:5      | Entered Level 5 of the Dungeon
  3414 | D:5      | Noticed Pikel
  3488 | D:5      | Killed Pikel
  3489 | D:5      | Reached skill level 9 in Axes
  3489 | D:5      | Reached XP level 7. HP: 60/64 MP: 7/7
  3520 | D:5      | Noticed Menkaure
  3530 | D:5      | Killed Menkaure
  3531 | D:5      | Reached skill level 10 in Axes
  3626 | D:5      | Reached XP level 8. HP: 62/73 MP: 8/8
  3767 | D:5      | Found an ornate altar of the Wu Jian Council.
  3833 | D:5      | Found a broken altar of Ashenzari.
  3971 | D:5      | Noticed Duvessa
  3972 | D:5      | Noticed Dowan
  3978 | D:5      | Killed Duvessa
  3979 | D:5      | Reached skill level 11 in Axes
  3984 | D:5      | Killed Dowan
  4146 | D:5      | Found a staircase to the Ecumenical Temple.
  4194 | D:5      | Noticed Edmund
  4209 | D:5      | Killed Edmund
  4309 | D:5      | Splashed by a jelly's acid

Illustrated notes

Levels and vault maps discovered:
D:1:      noname_arrival_rooms_in_the_neighbourhood, layout_basic
D:2:      layout_loops_ring, chequers_ecumenical_altar_island,
          kennysheep_nondescript
D:3:      layout_basic, serial_undead, serial_undead_e, serial_undead_f,
          serial_undead_e, serial_undead_c, palyth_stone_intersect,
          nicolae_titane, uniq_robin, uniq_terence
D:4:      layout_loops_cross, led_sif_pool
D:5:      layout_loops_ring, mainiacjoe_overflow_tiny_flanked,
          lemuel_tele_altar, lemuel_temple_firewalk_b, uniq_menkaure,
          uniq_pikel, uniq_edmund, uniq_duvessa

Skill      XL: |  1  2  3  4  5  6  7  8 |
---------------+-------------------------+-----
Fighting       | 4 5 6 7 |  7.9
Axes           | 5 6 7 9 10 11 | 11.6
Dodging        | |  2.4

Action                     |  1- 3 |  4- 6 |  7- 9 || total
---------------------------+-------+-------+-------++-------
  Melee: Hand axe          |    89 |   107 |       ||   196
         Dagger            |       |    83 |     8 ||    91
         Whip              |       |       |    68 ||    68
 Invoke: Convert to Beogh  |       |     1 |       ||     1
  Evoke: Wand              |       |       |     6 ||     6
    Use: Scroll            |       |     5 |     1 ||     6
 Armour: Robe              |     1 |       |       ||     1
         Ring mail         |    26 |       |       ||    26
         Chain mail        |    11 |    71 |    19 ||   101
  Dodge: Dodged            |    68 |    96 |    22 ||   186
